 Dungeon Crawl Stone Soup version 0.30.0-17-ge0270778cf (webtiles) character file.

Game seed: 4909638340076522570

61 pigah the Gusty (level 4, -6/27 HPs)
             Began as an Octopode Air Elementalist on May 21, 2023.
             Mangled by a gnoll
             ... wielding a +0 whip
              (9 damage)
             ... on level 2 of the Dungeon.
             The game lasted 00:02:07 (1207 turns).

pigah the Gusty (Octopode Air Elementalist)         Turns: 1207, Time: 00:02:08

Health: -6/27      AC:  1    Str:  7    XL:     4   Next: 7%
Magic:  1/7        EV: 13    Int: 19    God:
Gold:   20         SH:  0    Dex: 18    Spells: 6/7 levels left

rFire   . . .        (no weapon)
rCold   . . .        (no shield)
rNeg    . . .        (helmet restricted)
rPois   .            (no amulet)
rElec   .            g - +6 ring of dexterity
rCorr   .            (no ring)
SInv    .            (no ring)
Will    .....        (no ring)
Stlth   +++          (no ring)
HPRegen 0.24/turn    (no ring)
MPRegen 0.10/turn    (no ring)
                     (no ring)

%: no passive effects
@: no status effects
A: almost no armour, amphibious, 8 rings, camouflage 1, gelatinous body 1,
(nimble swimmer 1), tentacles
a: no special abilities


You were on level 2 of the Dungeon.
You visited 1 branch of the dungeon, and saw 2 of its levels.

You collected 20 gold pieces.

Inventory:

Jewellery
 g - a +6 ring of dexterity (left tentacle)
Scrolls
 b - a scroll of noise {unknown}
 d - a scroll of teleportation {unknown}
Potions
 a - 3 potions of magic
 c - a potion of brilliance {unknown}
 e - a potion of invisibility {unknown}
 f - a potion of berserk rage {unknown}
 h - a potion of heal wounds {unknown}
 i - a potion of haste {unknown}


   Skills:
 - Level 2.0 Dodging
 - Level 2.6 Stealth
 + Level 2.4 Spellcasting
 - Level 1.0 Conjurations
 * Level 4.5 Air Magic


You had 6 spell levels left.
You knew the following spells:

 Your Spells              Type           Power      Damage    Failure   Level
a - Shock                 Conj/Air       48%        1d6       5%          1

Your spell library contained the following spells:

 Spells                   Type           Power      Damage    Failure   Level
 Static Discharge         Conj/Air       24%        2-3/arc   8%          2
 Swiftness                Air            19%        N/A       8%          3
 Airstrike                Air            9%         2d(2-18)  26%         4


Dungeon Overview and Level Annotations

Branches:
Dungeon (2/15)

Altars:

Shops:
D:1 ?*(


Innate Abilities, Weirdness & Mutations

You cannot wear most types of armour.
You are amphibious.
You can wear up to eight rings at the same time.
Your skin changes colour to match your surroundings (Stealth+).
Your rubbery body absorbs attacks. (AC +1, EV +1)
((You are camouflaged when in or above water. (Stealth+)))
You have tentacles for arms and can constrict up to eight enemies at once.


Message History

You have reached level 4!
You start resting.
A gnoll is nearby!
Aiming: Shock (safe; 5% risk of failure)
Press: ? - help, Q - select action Shift-Dir - straight line The zap misses the gnoll.
The zap hits the gnoll.
The gnoll is moderately wounded.
Unknown command.
Aiming: Shock (safe; 5% risk of failure)
Press: ? - help, Q - select action Shift-Dir - straight line The zap hits the gnoll but does no damage.
The gnoll is lightly wounded.
The zap misses the gnoll.
Unknown command.
You closely miss the gnoll. Your grab misses the gnoll.
Your squeeze misses the gnoll.
The gnoll is lightly wounded.
The gnoll hits you with a +0 whip!
You tentacle-slap the gnoll but do no damage.
You grab the gnoll.
The gnoll is lightly wounded.
You constrict the gnoll, but do no damage.
The gnoll closely misses you.
You tentacle-slap the gnoll but do no damage.
The gnoll is lightly wounded.
You constrict the gnoll. The gnoll barely misses you.
You tentacle-slap the gnoll.
The gnoll is moderately wounded.
You constrict the gnoll. The gnoll barely misses you.
You tentacle-slap the gnoll but do no damage.
The gnoll is heavily wounded.
You constrict the gnoll. The gnoll hits you with a +0 whip.
You tentacle-slap the gnoll but do no damage.
The gnoll is heavily wounded.
You constrict the gnoll. The gnoll hits you with a +0 whip!
* * * LOW HITPOINT WARNING * * *
You barely miss the gnoll.
The gnoll is severely wounded.
You constrict the gnoll. The gnoll hits you with a +0 whip!
You die...

#..#.#..#.#
#..#.#.##.# ###
###..#......#
...#.....^###..# ..
.....#.#....>.# #..#
.# #..
..........###.## .#
#.# .##..†.......#
.#
#.###.##......#.###
.# #.....###.###@#.#
.###.....†....##g#.#
.##.....###...##.#.#
.g....)..)g......#.#
..#.....###...####.#
..##...## ##.## #.#
.####.## #.#
.###...## #.#
.##.###.####.#


You could see a gnoll.

Vanquished Creatures
  2 gnolls (D:2)
  An adder (D:2)
  A worm (D:2)
  2 dart slugs
  2 ball pythons
  An endoplasm (D:1)
  3 giant cockroaches (D:1)
  A goblin (D:2)
  3 hobgoblins
  2 jackals (D:2)
  A quokka (D:1)
  2 bats (D:1)
  A frilled lizard (D:1)
  2 kobolds (D:1)
  A rat (D:1)
25 creatures vanquished.

Notes
Turn   | Place    | Note
-------+----------+-------------------------------------------
     0 | D:1      | pigah the Octopode Air Elementalist began the quest for the
                  | Orb.
     0 | D:1      | Reached XP level 1. HP: 11/11 MP: 3/3
   145 | D:1      | Found a transporter.
   145 | D:1      | Found Wowimahoin's Magic Scroll Boutique.
   225 | D:1      | Reached XP level 2. HP: 17/17 MP: 1/5
   365 | D:1      | Found a transporter.
   371 | D:1      | Found Sounafue's Assorted Antiques.
   620 | D:1      | Found a faded altar of an unknown god.
   658 | D:1      | Found Dovas's Weapon Emporium.
   929 | D:2      | Reached XP level 3. HP: 21/21 MP: 2/6
  1004 | D:2      | Reached skill level 4 in Air Magic
  1188 | D:2      | Reached XP level 4. HP: 20/27 MP: 1/7
  1207 | D:2      | Mangled by a gnoll

Illustrated notes

Levels and vault maps discovered:
D:1:      minmay_arrival_split_and_join, layout_basic, serial_shops,
          nicolae_shop_drivethru, nicolae_shop_hallway_plus, shop,
          shapermc_ecumenical_altar_acropolis
D:2:      layout_loops_ring

Skill      XL: |  1  2  3 |
---------------+----------+-----
Air Magic      | 4 |  4.5
Dodging        | |  2.0
Stealth        | |  2.6
Spellcasting   | |  2.4
Conjurations   | |  1.0

Action                     |  1- 3 |  4- 6 || total
---------------------------+-------+-------++-------
  Melee: Unarmed           |    13 |     7 ||    20
         Constrict         |     4 |     1 ||     5
         Tentacles         |     4 |       ||     4
   Cast: Shock             |    52 |     2 ||    54
 Armour: Skin              |     3 |       ||     3
  Dodge: Dodged            |     8 |     3 ||    11
